 Dungeon Crawl Stone Soup version 0.24.0-13-gcf9b319 (webtiles) character file.

Game seed: 15525057730916428130, levelgen mode: deterministic

47 Dharzhak the Insei (level 3, -2/23 HPs)
             Began as an Octopode Transmuter on Dec 23, 2019.
             Slain by Sigmund
             ... wielding a +0 scythe
              (14 damage)
             ... on level 2 of the Dungeon.
             The game lasted 00:03:58 (952 turns).

Dharzhak the Insei (Octopode Transmuter)             Turns: 952, Time: 00:03:59

Health: -2/23      AC:  1    Str:  9    XL:     3   Next: 70%
Magic:  2/6        EV: 16    Int: 16    God:
Gold:   77         SH:  0    Dex: 12    Spells: 0/6 levels left

rFire    . . .     SeeInvis .     - Unarmed
rCold    . . .     Gourm    .   (no shield)
rNeg     . . .     Faith    .   (helmet restricted)
rPois    .         Spirit   .   (no amulet)
rElec    .         Reflect  .   b - +3 ring of evasion
rCorr    .         Harm     .   (no ring)
MR       .....                  (no ring)
Stlth    ++........             (no ring)
HPRegen  0.07/turn              (no ring)
MPRegen  0.10/turn              (no ring)
                                (no ring)
                                (no ring)

@: appendage
A: almost no armour, stealthy swim, amphibious, 8 rings, constrict 8, tentacle
spike 3, camouflage 1, gelatinous body 1
a: End Transformation


You were on level 2 of the Dungeon.
You were hungry.
One of your tentacles had a temporary spike.
You visited 1 branch of the dungeon, and saw 2 of its levels.

You collected 77 gold pieces.

Inventory:

Missiles
 a - 28 arrows
 l - 10 poisoned darts (quivered)
Jewellery
 b - a +3 ring of evasion (left tentacle)
Wands
 n - a wand of iceblast (9)
Scrolls
 d - a scroll of fear {unknown}
 e - 2 scrolls of enchant weapon {unknown}
 i - a scroll of identify {unknown}
 j - a scroll of magic mapping {unknown}
 k - a scroll of fog {unknown}
Potions
 f - a potion of curing {unknown}
 h - a potion of mutation {unknown}
 m - a potion of cancellation {unknown}
Comestibles
 c - a ration
 g - 3 chunks of flesh


   Skills:
 + Level 1.0 Fighting
 + Level 2.3 Dodging
 + Level 0.2 Stealth
 + Level 3.3 Unarmed Combat
 + Level 2.2 Spellcasting
 * Level 3.0 Transmutations


You couldn't memorise any spells.
You knew the following spells:

 Your Spells              Type           Power        Failure   Level  Hunger
a - Beastly Appendage     Tmut           ##....       6%          1    #......
b - Sticks to Snakes      Tmut           ##......     9%          2    ###....
c - Spider Form           Tmut/Pois      #.........   32%         3    ###....

Your spell library contained the following spells:

 Spells                   Type           Power        Failure   Level  Hunger
 Ice Form                 Ice/Tmut       #.......     71%         4    #####..
 Blade Hands              Tmut           ##........   85%         5    ######.


Dungeon Overview and Level Annotations

Branches:
Dungeon (2/15)

Altars:

Annotations:
D:2 Sigmund


Innate Abilities, Weirdness & Mutations

You cannot wear most types of armour.
You are very stealthy in the water. (Stealth+)
You are amphibious.
You can wear up to eight rings at the same time.
You can use your tentacles to constrict eight enemies at once.
Your skin changes colour to match your surroundings (Stealth+).
Your rubbery body absorbs attacks. (AC +1, EV +1)
One of your tentacles bears a large vicious spike.


Message History

The kobold barely misses your ball python.
Your ball python bites the kobold.
Your ball python constricts the kobold.
The kobold dies!
You hear some strange, mumbled words.
Your ball python appears confused.
Your ball python bites your ball python.
A magic dart appears from out of thin air!
The magic dart hits your ball python.
Your ball python dies!
Something completely misses you.
Casting: Sticks to Snakes (safe; 9% risk of failure)
Confirm with . or Enter, or press ? or * to list all spells.
One of your tentacles grows a vicious spike.
You hear some strange, mumbled words.
Something tries to affect you, but you resist.
Something hits you!
You tentacle-slap something.
Your tentacle spike misses something.
You barely miss something.
You pierce something.
Something hits you!
Ouch! That really hurt!
You die...

. ..## .....
......##############
.......@...........#
...)####S...##.....##. ..
####.##........ ..###
#.##....##..
....#####.##.......#
#....#..........##
##.........#......#
#..................
#######...........##..###


You could see a friendly ball python.

Vanquished Creatures
  2 adders (D:2)
  A dart slug (D:1)
  2 leopard geckos
  A ball python (D:1)
  6 bats
  A giant cockroach (D:1)
  A goblin (D:1)
  2 hobgoblins (D:1)
  A frilled lizard (D:2)
  3 kobolds (D:1)
  5 rats
25 creatures vanquished.

Vanquished Creatures (collateral kills)
  A kobold (D:2)
1 creature vanquished.

Vanquished Creatures (others)
  A hobgoblin (D:1)
1 creature vanquished.

Grand Total: 27 creatures vanquished

Notes
Turn   | Place    | Note
-------+----------+-------------------------------------------
     0 | D:1      | Dharzhak the Octopode Transmuter began the quest for the
                  | Orb.
     0 | D:1      | Reached XP level 1. HP: 13/13 MP: 3/3
   136 | D:1      | Reached XP level 2. HP: 18/18 MP: 3/5
   648 | D:2      | Reached XP level 3. HP: 17/23 MP: 4/6
   823 | D:2      | Learned a level 2 spell: Sticks to Snakes
   827 | D:2      | Learned a level 3 spell: Spider Form
   926 | D:2      | Noticed Sigmund
   952 | D:2      | Slain by Sigmund

Levels and vault maps discovered:
D:1:      dpeg_arrival_orchard, layout_rooms, minmay_cupped
D:2:      layout_rooms, uniq_crazy_yiuf_cottage, uniq_sigmund

Skill      XL: |  1  2  3 |
---------------+----------+-----
Transmutations | 3 |  3.0
Fighting       | |  1.0
Dodging        | |  2.3
Stealth        | |  0.2
Unarmed Combat | |  3.3
Spellcasting   | |  2.2

Action                   || total
-------------------------++-------
Melee: Unarmed           ||    68
       Constrict         ||    23
       Tentacles         ||     9
       Kick              ||    16
 Cast: Beastly Appendage ||    17
       Sticks to Snakes  ||     3
 Stab: Sleeping          ||     3
Armor: Skin              ||     8
Dodge: Dodged            ||    67
